 Dungeon Crawl Stone Soup version 0.25.1-2-g60ff931df9 (webtiles) character file.

Game seed: 10912124129953214193

1575 DerDa the Magician (level 8, -1/53 HPs)
             Began as a Mummy Fire Elementalist on Oct 1, 2020.
             Was an Initiate of Sif Muna.
             Slain by a killer bee (2 damage)
             ... on level 7 of the Dungeon.
             The game lasted 00:17:30 (7007 turns).

DerDa the Magician (Mummy Fire Elementalist)        Turns: 7007, Time: 00:17:32

Health: -1/53      AC: 10    Str: 11    XL:     8   Next: 60%
Magic:  2/19       EV: 13    Int: 17    God:    Sif Muna [......]
Gold:   270        SH:  0    Dex: 12    Spells: 11/21 levels left

rFire    x . .     SeeInvis .   p - +1 long sword
rCold    + . .     Gourm    .   (no shield)
rNeg     + + +     Faith    .   h - +3 leather armour
rPois    ∞         Spirit   .   (no helmet)
rElec    .         Reflect  .   o - +0 cloak
rCorr    .         Harm     .   j - +2 pair of gloves
MR       +....                  (no boots)
Stlth    +.........             i - amulet of inaccuracy
HPRegen  0.17/turn              (no ring)
MPRegen  0.16/turn              (no ring)

@: about to teleport, very slightly contaminated
A: no food or potions, fire vulnerability, cold resistance 1, negative energy
resistance 3, torment resistance, unbreathing
a: Renounce Religion


You were on level 7 of the Dungeon.
You worshipped Sif Muna.
Sif Muna was noncommittal.
You were not hungry.

You visited 1 branch of the dungeon, and saw 7 of its levels.
You also visited: Sewer.

You collected 270 gold pieces.

Inventory:

Hand Weapons
 d - a +0 short sword
 p - a +1 long sword (weapon)
 q - a +2 mace of draining
Missiles
 e - 106 stones (quivered)
 l - 28 poisoned darts
Armour
 a - a +0 robe
 h - a +3 leather armour (worn)
 j - a +2 pair of gloves (worn)
 o - a +0 cloak (worn)
Jewellery
 i - an amulet of inaccuracy (around neck)
 k - an uncursed amulet of faith {unknown}
 w - an uncursed ring of ice
Scrolls
 b - 3 scrolls of amnesia
 c - 3 scrolls of remove curse
 f - 7 scrolls of identify
 g - 2 scrolls of enchant armour {unknown}
 n - 2 scrolls of enchant weapon
 r - a scroll of teleportation
 s - a scroll of noise {unknown}
 t - a scroll of random uselessness {unknown}
 u - a scroll of blinking {unknown}
 v - a scroll of acquirement {unknown}


   Skills:
 - Level 0.8 Fighting
 + Level 3.7 Dodging
 - Level 1.5 Stealth
 * Level 7.4 Spellcasting
 * Level 4.7 Conjurations
 * Level 5.3 Fire Magic


You had 11 spell levels left.
You knew the following spells:

 Your Spells              Type           Power        Failure   Level  Hunger
a - Foxfire               Conj/Fire      ###.         1%          1    N/A
b - Sticky Flame          Conj/Fire      ###.....     19%         4    N/A
c - Fireball              Conj/Fire      ###.......   45%         5    N/A

Your spell library contained the following spells:

 Spells                   Type           Power        Failure   Level  Hunger
 Conjure Flame            Conj/Fire      ###.....     5%          3    N/A
 Inner Flame              Hex/Fire       ###.....     14%         3    N/A
 Confusing Touch          Hex            #.......     41%         3    N/A
 Gell's Gravitas          Tloc           #.........   41%         3    N/A
 Petrify                  Tmut/Erth      #.......     82%         4    N/A
 Metabolic Englaciation   Hex/Ice        #.........   99%         5    N/A
 Yara's Violent Unravell  Hex/Tmut       #.........   99%         5    N/A

Dungeon Overview and Level Annotations

Branches:
Dungeon (7/15)             Temple (0/1) D:7           Sewer (visited)

Altars:
Hepliaklqana
Nemelex Xobeh
Okawaru
Sif Muna
Vehumet
The Shining One

Shops:
D:5 =[(

Annotations:
D:7 1 transporter


Innate Abilities, Weirdness & Mutations

You do not eat or drink.
Your flesh is vulnerable to fire.
You are immune to poison.
Your flesh is cold resistant. (rC+)
You are immune to negative energy. (rN+++)
You are immune to unholy pain and torment.
You can survive without breathing.


Message History

As you read the scroll labeled POASCHAAPTO, it crumbles to dust.
You feel aware of your surroundings.
You sensed 1 altar.
It was a scroll of magic mapping.
The killer bee closely misses you. The killer bee stings you.
* * * LOW HITPOINT WARNING * * *
The killer bee stings you but does no damage. x2
Unknown command.
As you read the scroll labeled CEAGOU JEGIV, it crumbles to dust.
It is a scroll of enchant weapon.
Your +0 long sword glows red for a moment.
The killer bee misses you. The killer bee closely misses you.
The killer bee barely misses you. x2
Unknown command.
As you read the scroll labeled OGIGADEIXZI, it crumbles to dust.
You feel strangely unstable.
It was a scroll of teleportation.
The killer bee stings you but does no damage.
The killer bee barely misses you.
You riposte.
You miss the killer bee.
The killer bee is moderately wounded.
The killer bee misses you. The killer bee stings you.
You die...

*,,*,,*,,≈≈P..#?$#...# #.# #.
,,©*©,+,,≈♣≈..+.©#©.)# #.# #.
,,,*,,*,,≈≈≈..#!$#..## #.# #.
,,,*≈,*≈≈≈≈≈≈≈#.P#.## #.# #.
*,,*8≈*,,5oKoK#≈8#.# #.# ##
*,,******#########.# #.# #
*,,,,,,,,..........# #.# #
,,****,**,.#####y#########.# #
******,**,,*** #@†......(#.# #
,,,,,,*,,,,,,* #y######.§..# #
*,*,,***,,,*,* #.# #<§### #
,**,** **,,*,* #.# #v.# #
*,*,,***,*,*,* #.# #o.# #
**,**,*,*#.#.###.######..# #
*,***,**..y......o......########
*,* *,,,......[[##...o..........
**,***,**...####.........########


You could see a kobold demonologist and 2 killer bees.

Vanquished Creatures
  An ice beast (D:5)
  An orc warrior (D:7)
  An ogre (D:4)
  2 phantoms
  A centaur (D:6)
  A big kobold (Sewer)
  A bullfrog (D:6)
  2 scorpions
  A killer bee (D:7)
  A howler monkey (D:4)
  A crimson imp (D:7)
  2 jellies
  2 hounds (D:6)
  An orc priest (D:5)
  2 orc wizards (D:7)
  2 centaur skeletons
  2 iguanas
  Natasha (thrice) (D:2)
  4 worker ants
  A hound zombie (D:5)
  A hound skeleton (D:4)
  A worker ant zombie (D:6)
  A gnoll (D:1)
  A river rat (Sewer)
  5 adders
  A shadow imp (D:5)
  3 worms
  2 dart slugs
  2 leopard geckos
  9 orcs
  4 ball pythons
  8 bats
  3 giant cockroaches
  3 goblins
  6 hobgoblins
  14 jackals
  10 kobolds
  6 quokkas
  6 frilled lizards
  14 rats
132 creatures vanquished.

Vanquished Creatures (others)
  541 foxfires
541 creatures vanquished.

Grand Total: 673 creatures vanquished

Notes
Turn   | Place    | Note
-------+----------+-------------------------------------------
     0 | D:1      | DerDa the Mummy Fire Elementalist began the quest for the
                  | Orb.
     0 | D:1      | Reached XP level 1. HP: 13/13 MP: 4/4
    88 | D:1      | Reached skill level 1 in Conjurations
   155 | D:1      | Reached skill level 3 in Spellcasting
   155 | D:1      | Reached XP level 2. HP: 11/20 MP: 0/6
   605 | D:1      | Reached XP level 3. HP: 25/25 MP: 0/7
  1314 | D:2      | Noticed Natasha
  1438 | D:2      | Killed Natasha
  1463 | D:2      | Reached XP level 4. HP: 22/31 MP: 0/9
  1544 | D:2      | Noticed Natasha
  1549 | D:2      | Killed Natasha
  1559 | D:2      | Noticed Natasha
  1565 | D:2      | Killed Natasha
  1728 | D:2      | Reached skill level 4 in Spellcasting
  1889 | D:2      | Reached XP level 5. HP: 36/36 MP: 7/11
  2241 | D:3      | Found a glowing drain.
  2254 | Sewer    | Entered a sewer
  2303 | Sewer    | Learned a level 4 spell: Sticky Flame
  2309 | Sewer    | Learned a level 5 spell: Fireball
  2491 | Sewer    | Found a white marble altar of Elyvilon.
  2652 | D:3      | Reached XP level 6. HP: 42/42 MP: 4/12
  3055 | D:3      | Found a hazy altar of Hepliaklqana.
  3310 | D:4      | Reached skill level 5 in Spellcasting
  3587 | D:4      | Reached XP level 7. HP: 43/47 MP: 6/15
  3832 | D:4      | Found an iron altar of Okawaru.
  3987 | D:5      | Entered Level 5 of the Dungeon
  4189 | D:5      | Found Ibro's Weapon Boutique.
  4224 | D:5      | Reached skill level 6 in Spellcasting
  4477 | D:5      | Found Jefog's Armour Shoppe.
  4618 | D:5      | Found Suupoe's Jewellery Shop.
  5067 | D:5      | Found a shimmering blue altar of Sif Muna.
  5121 | D:5      | Became a worshipper of Sif Muna the Loreminder
  5173 | D:6      | Reached XP level 8. HP: 53/53 MP: 12/17
  5460 | D:6      | Found a glowing golden altar of the Shining One.
  5493 | D:6      | Found a sparkling altar of Nemelex Xobeh.
  5751 | D:6      | Reached skill level 5 in Fire Magic
  6491 | D:7      | Found a radiant altar of Vehumet.
  6502 | D:7      | Reached skill level 7 in Spellcasting
  6677 | D:7      | Found a transporter.
  6680 | D:7      | Noticed an orc high priest
  6680 | D:7      | Noticed a kobold demonologist
  6688 | D:7      | Noticed a kobold demonologist
  7005 | D:7      | HP: 1/53 [killer bee (4)]
  7007 | D:7      | Slain by a killer bee

Illustrated notes

Levels and vault maps discovered:
D:1:      dpeg_arrival_solitude, layout_basic
D:2:      layout_rooms, uniq_natasha
D:3:      layout_rooms, old_standard_altar, portal_sewer_entry_a, first_ration,
          minmay_unequal
D:4:      layout_rooms, okawaru_gym_becter
D:5:      layout_loops_ring, kennysheep_mini, serial_shops, shop,
          nicolae_shop_trees, nicolae_shop_stone
D:6:      layout_layer_cave, old_standard_altar, nicolae_tso_carved_into_rock
D:7:      gammafunk_wand_slinger, layout_loops_ring,
          eat_drink_and_be_merry_uskayaw, kennysheep_little_box,
          minmay_temple_entry_arrows, hangedman_decor_points

Skill      XL: |  1  2  3  4  5  6  7  8 |
---------------+-------------------------+-----
Conjurations   | 1 2 3 4 |  4.7
Spellcasting   | 3 4 5 6 7 |  7.4
Dodging        | 2 3 |  3.7
Fire Magic     | 3 4 5 |  5.3
Fighting       | |  0.8
Stealth        | |  1.5

Action                   |  1- 3 |  4- 6 |  7- 9 || total
-------------------------+-------+-------+-------++-------
Melee: Short sword       |    14 |    39 |       ||    53
       Long sword        |       |     4 |    53 ||    57
 Cast: Foxfire           |    63 |   141 |   142 ||   346
       Sticky Flame      |       |       |     2 ||     2
  Use: Scroll            |       |       |     5 ||     5
 Stab: Distracted        |       |     1 |       ||     1
Armor: Robe              |     2 |       |       ||     2
       Leather armour    |     6 |    23 |    45 ||    74
Dodge: Dodged            |    16 |    55 |    91 ||   162
       Rpst.: Long sword |       |     2 |    28 ||    30
